 Dungeon Crawl Stone Soup version 0.29.1-1-gd02db6906a (webtiles) character file.

Game seed: 1649670903050509319

1885 droid the Cleaver (level 9, -11/74 HPs)
             Began as a Hill Orc Fighter on Oct 13, 2022.
             Mangled by a two-headed ogre
             ... wielding a +0 dire flail
              (17 damage)
             ... on level 7 of the Dungeon.
             The game lasted 00:07:43 (8454 turns).

droid the Cleaver (Hill Orc Fighter)                Turns: 8454, Time: 00:07:44

Health: -11/74     AC:  9    Str: 29    XL:     9   Next: 14%
Magic:  9/9        EV:  7    Int:  8    God:
Gold:   319        SH: 13    Dex: 10    Spells: 8/8 levels left

rFire   . . .      SeeInvis .   a - +0 war axe
rCold   + . .      Faith    .   s - +0 tower shield
rNeg    . . .      Spirit   .   b - +0 scale mail
rPois   .          Reflect  .   (no helmet)
rElec   .          Harm     .   (no cloak)
rCorr   .          Rampage  .   m - +0 pair of gloves
Will    .....                   (no boots)
Stlth   ..........              (no amulet)
HPRegen 0.22/turn               o - +6 ring of strength
MPRegen 0.11/turn               v - ring of protection from cold

@: mighty
A: no striking features
a: no special abilities


You were on level 7 of the Dungeon.
You visited 1 branch of the dungeon, and saw 8 of its levels.

You collected 319 gold pieces.

Inventory:

Hand Weapons
 a - a +0 war axe (weapon)
Missiles
 j - a throwing net (quivered)
Armour
 b - a +0 scale mail (worn)
 m - a +0 pair of gloves (worn)
 s - a +0 tower shield (worn)
Jewellery
 o - a +6 ring of strength (left hand)
 v - a ring of protection from cold (right hand)
Wands
 x - a wand of charming (3)
Scrolls
 c - a scroll of immolation {unknown}
 e - 3 scrolls of fog {unknown}
 l - 2 scrolls of noise
 n - 2 scrolls of teleportation
 t - a scroll of blinking {unknown}
 w - a scroll of enchant armour {unknown}
 y - a scroll of poison {unknown}
 z - a scroll of vulnerability {unknown}
 A - a scroll of enchant weapon {unknown}
 C - a scroll of amnesia {unknown}
Potions
 d - 2 potions of might
 f - a potion of brilliance
 g - a potion of resistance
 h - 2 potions of degeneration
 i - a potion of heal wounds
 k - 3 potions of mutation
 p - 2 potions of lignification {unknown}
 q - 2 potions of magic {unknown}
 r - 2 potions of curing {unknown}
 u - a potion of cancellation {unknown}
 B - a potion of attraction {unknown}


   Skills:
 + Level 5.6 Fighting
 + Level 8.6 Axes
 + Level 7.6 Armour
 + Level 2.3 Dodging
 + Level 0.9 Stealth
 + Level 6.9 Shields


You had 8 spell levels left.
You didn't know any spells.
Your spell library contained the following spells:

 Spells                   Type           Power      Damage    Failure   Level
 Slow                     Hex            0%         N/A       100%        1
 Ensorcelled Hibernation  Hex/Ice        0%         N/A       100%        2
 Passwall                 Tmut/Erth      0%         N/A       100%        2
 Poisonous Vapours        Pois/Air       0%         N/A       100%        2
 Confusing Touch          Hex            0%         N/A       100%        3
 Summon Guardian Golem    Hex/Summ       0%         N/A       100%        3
 Swiftness                Air            0%         N/A       100%        3
 Vampiric Draining        Necr           0%         2d6       100%        3
 Corpse Rot               Necr/Pois/Air  0%         N/A       100%        4
 Passage of Golubria      Tloc           0%         N/A       100%        4
 Summon Ice Beast         Ice/Summ       0%         N/A       100%        4
 Summon Lightning Spire   Summ/Air       0%         N/A       100%        4
 Summon Mana Viper        Hex/Summ       0%         N/A       100%        5


Dungeon Overview and Level Annotations

Branches:
Dungeon (8/15)             Temple (0/1) D:5
   Lair: D:8-11

Altars:
Elyvilon
Gozag
Hepliaklqana
Kikubaaqudgha
Yredelemnul

Shops:
D:2 [


Message History

No target in view!
Found a stone staircase leading down.
No target in view!
There is a stone staircase leading down here.
A two-headed ogre comes into view.
It is wielding a +0 dire flail and a +0 giant club.
A two-headed ogre is nearby!
A two-headed ogre is nearby!
You block the two-headed ogre's attack. x2
A two-headed ogre is nearby!
You slash the two-headed ogre!
The two-headed ogre is moderately wounded.
You barely miss the two-headed ogre.
The two-headed ogre is moderately wounded.
The two-headed ogre hits you with a +0 dire flail!!
The two-headed ogre barely misses you.
You hit the two-headed ogre but do no damage.
The two-headed ogre is moderately wounded.
The two-headed ogre hits you with a +0 dire flail!!
The two-headed ogre hits you with a +0 giant club!
* * * LOW HITPOINT WARNING * * *
You are too injured to fight recklessly!
You are too injured to fight recklessly!
You are too injured to fight recklessly!
You feel very mighty all of a sudden.
You block the two-headed ogre's attack. x2
You barely miss the two-headed ogre.
The two-headed ogre is moderately wounded.
You block the two-headed ogre's attack. The two-headed ogre barely misses you.
You slash the two-headed ogre!
The two-headed ogre is moderately wounded.
The two-headed ogre closely misses you. You block the two-headed ogre's attack.
You barely miss the two-headed ogre.
The two-headed ogre is moderately wounded.
The two-headed ogre hits you but does no damage.
The two-headed ogre hits you with a +0 giant club!
* * * LOW HITPOINT WARNING * * *
You hit the two-headed ogre.
The two-headed ogre is heavily wounded.
The two-headed ogre hits you with a +0 dire flail!
You die...

####.##.............
#....#####..........
#.#### #..........
#.##.# #..........
#....### ####..#####
####...#### ##))#
#..........# ##)#
#..........# #.#
#..@.......# #.###
#..O.......# #...#
#..........# ###.#
#..........# #.#
#..........# #.#
#.......... #.#
#.......... #.##
#.......... #...
###.


You could see a two-headed ogre.

Vanquished Creatures
  2 ice beasts (D:5)
  2 sky beasts (D:6)
  A black bear (D:7)
  A phantom (D:5)
  A kobold brigand (D:6)
  A gnoll sergeant (D:5)
  A necrophage (D:6)
  4 scorpions
  3 bullfrogs (D:6)
  3 wights (D:7)
  3 hounds
  2 jellies (D:7)
  An orc priest (D:4)
  An iguana (D:5)
  Terence (D:2)
  Ijyb (D:5)
  6 adders
  16 gnolls
  2 white imps
  2 worms
  3 dart slugs
  11 orcs
  7 ball pythons
  8 bats
  7 endoplasms
  4 giant cockroaches
  5 goblins
  9 hobgoblins
  4 jackals (D:3)
  12 kobolds
  6 quokkas
  4 frilled lizards
  3 rats
137 creatures vanquished.

Vanquished Creatures (others)
  6 fungi (D:6)
6 creatures vanquished.

Grand Total: 143 creatures vanquished

Notes
Turn   | Place    | Note
-------+----------+-------------------------------------------
     0 | D:1      | droid the Hill Orc Fighter began the quest for the Orb.
     0 | D:1      | Reached XP level 1. HP: 19/19 MP: 1/1
   267 | D:1      | Reached XP level 2. HP: 24/27 MP: 2/2
   830 | D:1      | Reached skill level 3 in Axes
  1052 | D:1      | Reached XP level 3. HP: 31/33 MP: 3/3
  1317 | D:2      | Noticed Terence
  1324 | D:2      | Killed Terence
  1393 | D:2      | Found a faded altar of an unknown god.
  1418 | D:2      | Reached XP level 4. HP: 40/40 MP: 4/4
  1531 | D:2      | Reached skill level 4 in Axes
  1555 | D:2      | Found Loulinao's Armour Emporium.
  1633 | D:1      | Reached skill level 1 in Dodging
  2072 | D:2      | Reached XP level 5. HP: 16/46 MP: 5/5
  3100 | D:3      | Found a basalt altar of Yredelemnul.
  3417 | D:4      | Found an ancient bone altar of Kikubaaqudgha.
  3418 | D:4      | Got Qasumn's Anthology of Displacement and Leadership
  3647 | D:4      | Reached XP level 6. HP: 36/52 MP: 6/6
  4555 | D:5      | Entered Level 5 of the Dungeon
  4669 | D:5      | Found a hazy altar of Hepliaklqana.
  4672 | D:5      | Noticed Ijyb
  4710 | D:5      | Killed Ijyb
  4711 | D:5      | Reached skill level 5 in Axes
  4711 | D:5      | Reached skill level 5 in Armour
  4947 | D:5      | Noticed an ice beast
  4956 | D:5      | Killed an ice beast
  5148 | D:5      | Found a staircase to the Ecumenical Temple.
  5675 | D:5      | Reached XP level 7. HP: 43/60 MP: 7/7
  5970 | D:5      | Reached skill level 5 in Shields
  6267 | D:5      | Reached skill level 6 in Axes
  6563 | D:5      | Reached XP level 8. HP: 57/67 MP: 8/8
  6574 | D:6      | Found an opulent altar of Gozag.
  6579 | D:6      | Reached skill level 5 in Fighting
  6791 | D:6      | Reached skill level 7 in Axes
  7322 | D:6      | Reached skill level 8 in Axes
  7362 | D:6      | You fall into a shaft and drop 2 floors!
  7377 | D:8      | Noticed a manticore
  7568 | D:7      | Reached XP level 9. HP: 25/72 MP: 9/9
  8321 | D:7      | Identified the +0 robe of Buol {rF+ Will+ Archmagi}
  8325 | D:7      | Found a white marble altar of Elyvilon.
  8443 | D:7      | Noticed a two-headed ogre
  8454 | D:7      | Mangled by a two-headed ogre

Illustrated notes

Levels and vault maps discovered:
D:1:      elethiomel_arrival_quiet, layout_basic
D:2:      minmay_diamond_boxcup, layout_rooms, serial_shops,
          nicolae_shop_hallway_stairs, hellmonk_ecumenical_altar_run_dry,
          dreamdust_princess_bridge, kennysheep_generic_room_3, uniq_terence
D:3:      layout_basic, nicolae_overflow_crystal_walls
D:4:      layout_basic, kiku_gazebo_pond_becter
D:5:      layout_layer_cave, nzn_hepliaklqana_mist_gate,
          lemuel_temple_firewalk_b, uniq_ijyb
D:6:      layout_rooms, mainiacjoe_overflow_chevrons,
          mainiacjoe_overflow_six_doors_small, kennysheep_little_box,
          mainiacjoe_overflow_cross_hatched, serial_shops, shop,
          uniq_crazy_yiuf_cottage
D:7:      layout_basic, mainiacjoe_overflow_catwalk
D:8:      layout_rooms, lemuel_tele_altar, gammafunk_ghost_ooze

Skill      XL: |  1  2  3  4  5  6  7  8 |
---------------+-------------------------+-----
Axes           | 3 4 5 6 8 |  8.6
Fighting       | 4 5 |  5.6
Armour         | 4 5 6 7 |  7.6
Dodging        | 1 2 |  2.3
Shields        | 4 5 6 |  6.9
Stealth        | |  0.9

Action                   |  1- 3 |  4- 6 |  7- 9 || total
-------------------------+-------+-------+-------++-------
Melee: War axe           |    74 |   214 |   158 ||   446
  Use: Scroll            |       |     7 |     1 ||     8
       Potion            |       |     2 |     1 ||     3
Armor: Scale mail        |    40 |   105 |    82 ||   227
Dodge: Dodged            |    41 |    79 |    67 ||   187
Block: Buckler           |    15 |    22 |       ||    37
       Tower shield      |       |   110 |   182 ||   292
